 Dungeon Crawl Stone Soup version 0.27.0-1-g7a089689b8 (webtiles) character file.

Game seed: 9200910375370548863

168 eccles the Conjurer (level 5, -23/31 HPs)
             Began as an Octopode Conjurer on Aug 6, 2021.
             Annihilated by an ogre (29 damage)
             ... on level 4 of the Dungeon.
             The game lasted 00:13:41 (2039 turns).

eccles the Conjurer (Octopode Conjurer)             Turns: 2039, Time: 00:13:42

Health: -23/31     AC:  1    Str:  6    XL:     5   Next: 49%
Magic:  5/9        EV: 13    Int: 20    God:
Gold:   111        SH:  0    Dex: 12    Spells: 4/10 levels left

rFire    . . .     SeeInvis .   q - +0 short sword
rCold    . . .     Faith    .   (no shield)
rNeg     . . .     Spirit   .   (helmet restricted)
rPois    +         Reflect  .   (no amulet)
rElec    .         Harm     .   c - ring of wizardry
rCorr    .         Rampage  .   h - ring of poison resistance
Will     .....                  (no ring)
Stlth    +++.......             (no ring)
HPRegen  0.10/turn              (no ring)
MPRegen  0.11/turn              (no ring)
                                (no ring)
                                (no ring)

@: about to teleport
A: almost no armour, amphibious, 8 rings, camouflage 1, gelatinous body 1,
(nimble swimmer 1), tentacles
a: no special abilities


You were on level 4 of the Dungeon.
You visited 1 branch of the dungeon, and saw 4 of its levels.

You collected 111 gold pieces.

Inventory:

Hand Weapons
 a - a +0 dagger
 q - a +0 short sword (weapon)
Missiles
 b - 150 stones
 g - 31 poisoned darts (quivered)
 l - 68 arrows
Armour
 k - a +0 kite shield
Jewellery
 c - a ring of wizardry (left tentacle)
 h - a ring of poison resistance (right tentacle)
Scrolls
 e - a scroll of teleportation
 f - a scroll of amnesia
 i - a scroll of fog
Potions
 d - 2 potions of invisibility
 j - a potion of mutation {unknown}
 m - a potion of heal wounds {unknown}
 n - a potion of curing
 o - a potion of degeneration
 p - a potion of resistance {unknown}


   Skills:
 + Level 0.8 Short Blades
 + Level 2.2 Dodging
 + Level 3.4 Stealth
 + Level 3.0 Spellcasting
 + Level 5.5 Conjurations


You had 4 spell levels left.
You knew the following spells:

 Your Spells              Type           Power      Damage    Failure   Level
a - Magic Dart            Conj           100%       1d8       1%          1
b - Searing Ray           Conj           50%        3d5       1%          2
c - Dazzling Flash        Conj/Hex       28%        N/A       6%          3

Your spell library contained the following spells:

 Spells                   Type           Power      Damage    Failure   Level
 Fulminant Prism          Conj/Hex       7%         3d7       17%         4
 Iskenderun's Mystic Bla  Conj/Tloc      14%        2d5       17%         4
 Borgnjor's Revivificati  Necr           1%         N/A       100%        8
 Necromutation            Tmut/Necr      1%         N/A       100%        8
 Death's Door             Necr           1%         N/A       100%        9


Dungeon Overview and Level Annotations

Branches:
Dungeon (4/15)
 Temple: D:4-7

Altars:


Innate Abilities, Weirdness & Mutations

You cannot wear most types of armour.
You are amphibious.
You can wear up to eight rings at the same time.
Your skin changes colour to match your surroundings (Stealth+).
Your rubbery body absorbs attacks. (AC +1, EV +1)
((You are camouflaged near water. (Stealth+)))
You have tentacles for arms and can constrict up to eight enemies at once.


Message History

The magic dart hits the worm.
The worm is heavily wounded.
Casting: Magic Dart (safe; 1% risk of failure)
Confirm with . or Enter, or press ? or * to list all spells.
Aiming: Magic Dart (safe; 1% risk of failure)
Press: ? - help, Shift-Dir - straight line, f/p - worm
Aim: a worm (heavily wounded, 100% to hit)
The magic dart hits the worm!
The worm is almost dead.
Casting: Magic Dart (safe; 1% risk of failure)
Confirm with . or Enter, or press ? or * to list all spells.
Aiming: Magic Dart (safe; 1% risk of failure)
Press: ? - help, Shift-Dir - straight line, f/p - worm
Aim: a worm (almost dead, 100% to hit)
The magic dart hits the worm.
You kill the worm!
An ogre comes into view. It is wielding a +0 giant club.
The ogre shouts!
m - a coppery potion Throw: 32 darts (poison)
Press: ? - help, Q - select action, (/) - cycle Shift-Dir - straight line, f - ogre
Aim: an ogre, wielding a +0 giant club (72% to hit)
You throw a poisoned dart. The poisoned dart hits the ogre.
The ogre is poisoned.
Casting: Magic Dart (safe; 1% risk of failure)
Confirm with . or Enter, or press ? or * to list all spells.
Aiming: Magic Dart (safe; 1% risk of failure)
Press: ? - help, Shift-Dir - straight line, f/p - ogre
Aim: an ogre, wielding a +0 giant club (moderately wounded, poisoned, 100% to hit)
The magic dart hits the ogre.
The ogre is moderately wounded.
The ogre hits you with a +0 giant club!!
Ouch! That really hurt!
* * * LOW HITPOINT WARNING * * *
Okay, then.
As you read the scroll of teleportation, it crumbles to dust.
You feel strangely unstable.
The ogre hits you with a +0 giant club!!
Ouch! That really hurt!
You die...

#.##..# ### ......#
#.##..###...####.###
#.###.....## ##.....
#.#.......###...#
##.#..........(#
#..#.........##......
#.##.......#.##..##..
######.######...........
#..........@O..........#.
#..........##..........#
.
#..........###..........
#..........# #.........#
#..........# ....†......
############ ..........
#........ .........


You could see an ogre (poisoned).

Vanquished Creatures
  A bullfrog (D:4)
  A hound (D:4)
  A hound skeleton (D:2)
  A worm (D:4)
  2 dart slugs (D:1)
  2 ball pythons
  5 bats
  7 endoplasms
  5 goblins
  7 hobgoblins
  6 kobolds
  A quokka (D:3)
  6 frilled lizards
  5 rats
50 creatures vanquished.

Notes
Turn   | Place    | Note
-------+----------+-------------------------------------------
     0 | D:1      | eccles the Octopode Conjurer began the quest for the Orb.
     0 | D:1      | Reached XP level 1. HP: 11/11 MP: 3/3
   175 | D:1      | Reached XP level 2. HP: 17/17 MP: 3/5
   268 | D:1      | Learned a level 2 spell: Searing Ray
   660 | D:1      | Reached XP level 3. HP: 21/21 MP: 4/6
   718 | D:1      | Found a faded altar of an unknown god.
  1156 | D:2      | Reached XP level 4. HP: 26/27 MP: 1/7
  1509 | D:3      | Learned a level 3 spell: Dazzling Flash
  1682 | D:3      | Reached skill level 5 in Conjurations
  1917 | D:4      | Noticed a bullfrog
  1925 | D:4      | Killed a bullfrog
  1926 | D:4      | Reached XP level 5. HP: 26/31 MP: 3/9
  2027 | D:4      | Noticed an ogre
  2039 | D:4      | Annihilated by an ogre

Illustrated notes

Levels and vault maps discovered:
D:1:      minmay_arrival_jagged, layout_basic,
          dreamdust_ecumenical_altar_statues
D:2:      layout_loops_cross
D:3:      layout_basic, uniq_crazy_yiuf_cottage
D:4:      layout_rooms, hex_medium

Skill      XL: |  1  2  3  4 |
---------------+-------------+-----
Stealth        | 3 |  3.4
Conjurations   | 5 |  5.5
Spellcasting   | 3 |  3.0
Short Blades   | |  0.8
Dodging        | |  2.2

Action                   |  1- 3 |  4- 6 || total
-------------------------+-------+-------++-------
Melee: Dagger            |    14 |       ||    14
       Tentacles         |     6 |       ||     6
       Constrict         |     4 |       ||     4
Throw: Dart              |       |     2 ||     2
 Cast: Magic Dart        |    50 |    26 ||    76
       Searing Ray       |     2 |       ||     2
  Use: Scroll            |       |     8 ||     8
Armor: Skin              |     2 |     1 ||     3
Dodge: Dodged            |     7 |       ||     7
